 Dungeon Crawl Stone Soup version 0.19-a0-1792-g28b16ba (webtiles) character file.

83 Miyamura the Skirmisher (level 4, 0/35 HPs)
             Began as a Demonspawn Monk on Oct 4, 2016.
             Killed from afar by Sigmund (12 damage)
             ... with a magic dart
             ... on level 2 of the Dungeon.
             The game lasted 00:04:32 (1981 turns).

Miyamura the Skirmisher (Demonspawn Monk)           Turns: 1981, Time: 00:04:33

Health: 0/35       AC:  7    Str: 11 (12) XL:     4   Next: 22%
Magic:  4/4        EV:  9    Int: 11      God:
Gold:   98         SH:  0    Dex: 13 (16) Spells: 0 memorised, 3 levels left

rFire  . . .     SeeInvis .     a - +0 falchion
rCold  . . .     Gourm    .     j - +0 scale mail
rNeg   . . .     Faith    .     (no shield)
rPois  .         Spirit   .     (no helmet)
rElec  .         Dismiss  .     (no cloak)
rCorr  .         Reflect  .     h - +0 pair of gloves
MR     .....     Harm     .     (no boots)
Stlth  +.........               (no amulet)
                                (no ring)
                                (no ring)

@: flying
A: powered by pain 1, rot immunity
a: no special abilities


You were on level 2 of the Dungeon.
You were not hungry.

You visited 1 branch of the dungeon, and saw 2 of its levels.

You collected 98 gold pieces.

Inventory:

Hand Weapons
 a - a +0 falchion (weapon)
Armour
 h - a +0 pair of gloves (worn)
 j - a +0 scale mail (worn)
Jewellery
 l - a +5 ring of evasion {unknown}
Scrolls
 d - 2 scrolls of remove curse
Potions
 e - a potion of curing
Comestibles
 b - 7 chunks of flesh
 c - 2 bread rations
 n - a meat ration


   Skills:
 + Level 3.4 Fighting
 + Level 3.1 Long Blades
 + Level 1.5 Armour
 + Level 3.1 Dodging
 - Level 1.9 Stealth
 + Level 1.1 Unarmed Combat


You had 3 spell levels left.
You didn't know any spells.

Dungeon Overview and Level Annotations

Branches:
Dungeon (2/15)

Altars:

Annotations:
D:2 Sigmund


Innate Abilities, Weirdness & Mutations

You sometimes gain a little power by taking damage.
You are immune to rotting.


Message History

Sigmund points at you and mumbles some strange words.
The puff of flame hits you! Sigmund casts a spell at you.
You resist with some effort. Sigmund barely misses you.
It was a potion of curing.
You feel better. Sigmund hits you with a scythe.
It was a potion of flight.
You feel very buoyant.
You fly up into the air.
Sigmund gestures at you while chanting. The magic dart hits you!
Sigmund's eyes start glowing with a red light.
Sigmund hits you from afar with a scythe!
Sigmund casts a spell.
Sigmund flickers and vanishes!
Deactivating autopickup; reactivate with Ctrl-A.
Something tries to affect you, but you resist.
A magic dart appears from out of thin air!
The magic dart hits you!
You die...

...## #........##### #..#$??#..
....## #####..### #..#(($#..
.....## #.## #..#####.. ......#
#.#### #...(..... ...<..# #.##.##
##......... ......#
##.#..(#####......#### .....##
##.................# ....##
#.......##...#.#..## ..(.#
#.....@....>......#####
..(.#######......#...............
.................#.....รท.#.######
##..#............###...#.#.#
#..#.############ #...#.#.#
....#.# #####.# ...##.# #.# ####.#
##.# #.# #..#


There were no monsters in sight!

Vanquished Creatures
  Robin (D:2)
  An adder (D:1)
  A worm (D:2)
  3 dart slugs
  2 leopard geckos
  2 giant cockroaches (D:1)
  9 goblins
  5 hobgoblins
  4 jackals
  10 kobolds
  A quokka (D:2)
  3 bats (D:2)
  4 frilled lizards
  7 rats
53 creatures vanquished.

Vanquished Creatures (others)
  A goblin (D:2)
1 creature vanquished.

Grand Total: 54 creatures vanquished

Notes
Turn   | Place    | Note
-------+----------+-------------------------------------------
     0 | D:1      | Miyamura the Demonspawn Monk began the quest for the Orb.
     0 | D:1      | Reached XP level 1. HP: 18/18 MP: 1/1
   136 | D:1      | Gained mutation: You are immune to rotting. [demonic ancestry]
   136 | D:1      | Reached XP level 2. HP: 21/24 MP: 2/2
   501 | D:1      | Reached skill level 1 in Armour
   715 | D:2      | Reached XP level 3. HP: 27/29 MP: 3/3
   975 | D:2      | Noticed Sigmund
   999 | D:2      | HP: 1/29 [something (3)]
  1362 | D:2      | Noticed Robin
  1506 | D:2      | Killed Robin
  1511 | D:2      | Reached skill level 1 in Unarmed Combat
  1517 | D:2      | HP: 1/29 [hobgoblin/club[Robin] (5)]
  1550 | D:1      | Gained mutation: You sometimes gain a little power by taking damage. [demonic ancestry]
  1550 | D:1      | Reached XP level 4. HP: 4/35 MP: 4/4
  1981 | D:2      | Killed from afar by Sigmund

Vault maps used:
D:1:      minmay_arrival_stone_box, hangedman_abyss_or_decor_lesser_grid,
          serial_bayou_pond_c, minmay_pentomino_u4
D:2:      due_unseen_surprise, uniq_sigmund, uniq_robin

Skill      XL: |  1  2  3 |
---------------+----------+-----
Armour         | 1 |  1.5
Long Blades    | 3 |  3.1
Dodging        | 3 |  3.1
Unarmed Combat | 1 |  1.1
Fighting       | |  3.4
Stealth        | |  1.9

Action                   |  1- 3 |  4- 6 || total
-------------------------+-------+-------++-------
Melee: Falchion          |   154 |    19 ||   173
       Punch             |     1 |     1 ||     2
  Use: Potion            |     5 |     2 ||     7
       Scroll            |     1 |       ||     1
  Eat: Pizza             |     1 |       ||     1
       Chunk             |       |     2 ||     2
Armor: Robe              |     6 |       ||     6
       Scale mail        |    83 |    11 ||    94
Dodge: Dodged            |   101 |    10 ||   111
       Rpst.: Falchion   |    36 |     3 ||    39
